 Dungeon Crawl Stone Soup version 0.25-a0-1130-g3926558f3a (webtiles) character file.

Game seed: 3547055244731982823, levelgen mode: deterministic

97459 Flugslaktarn the Severer (level 15, -1/143 HPs)
             Began as a Minotaur Fighter on May 19, 2020.
             Was a High Priest of Trog.
             Slain by a salamander
             ... wielding a +0 halberd
              (10 damage)
             ... on level 3 of the Snake Pit.
             The game lasted 00:15:50 (23260 turns).

Flugslaktarn the Severer (Minotaur Fighter)        Turns: 23260, Time: 00:15:51

Health: -1/143     AC: 27    Str: 20    XL:     15   Next: 72%
Magic:  18/18      EV: 14    Int:  5    God:    Trog [*****.]
Gold:   1591       SH:  0    Dex: 17    Spells: 14/14 levels left

rFire    + + .     SeeInvis .   J - +5 executioner's axe (flame)
rCold    . . .     Gourm    .   (shield currently unavailable)
rNeg     + + .     Faith    .   S - +2 plate armour {rF+}
rPois    +         Spirit   .   E - +1 hat
rElec    .         Reflect  .   T - +0 cloak of Panentheism {rF+ rN+}
rCorr    +         Harm     .   N - +2 pair of gloves
MR       +....                  a - +1 pair of boots "Layfoifeg" {rN+ rCorr Stlth-}
Stlth    ..........             M - amulet of regeneration
HPRegen  0.73/turn              o - ring of poison resistance
MPRegen  0.16/turn              l - +4 ring of evasion

@: lethally poisoned (-1 -> -4), berserk cooldown, starving, slowed,
constricted, studying Fighting, very slow
A: retaliatory headbutt, horns 2
a: Berserk, Trog's Hand, Brothers in Arms, Renounce Religion


You were on level 3 of the Snake Pit.
You worshipped Trog.
Trog was extremely pleased with you.
You were starving.

You visited 4 branches of the dungeon, and saw 26 of its levels.
You also visited: Gauntlet.

You collected 2117 gold pieces.
You spent 526 gold pieces at shops.

Inventory:

Hand Weapons
 I - a +4 vorpal broad axe
   (Trog gifted it to you on level 9 of the Dungeon)
 J - a +5 executioner's axe of flaming (weapon)
   (Trog gifted it to you on level 1 of the Lair of Beasts)
Missiles
 y - a throwing net (quivered)
Armour
 a - the +1 pair of boots "Layfoifeg" (worn) {rN+ rCorr Stlth-}
   (You found it in a Gauntlet)

   It protects you from negative energy.
   It provides partial protection from all sources of acid and corrosion.
   It makes you less stealthy.
 k - a +0 plate armour
   (You found it on level 5 of the Dungeon)
 p - a scarf of harm
   (You found it on level 2 of the Dungeon)
 E - a +1 hat (worn)
   (You found it on level 8 of the Dungeon)
 K - a +0 hat of intelligence
   (You took it off Gastronok on level 1 of the Lair of Beasts)
 N - a +2 pair of gloves (worn)
   (You found it on level 4 of the Lair of Beasts)
 S - a +2 plate armour of fire resistance (worn)
   (You took it off an orc warrior on level 2 of the Orcish Mines)
 T - the +0 cloak of Panentheism (worn) {rF+ rN+}
   (You bought it in a shop on level 2 of the Orcish Mines)

   It protects you from fire.
   It protects you from negative energy.
Jewellery
 c - an uncursed ring of protection from cold
   (You found it on level 3 of the Dungeon)
 f - an uncursed ring of protection from fire
   (You took it off a gnoll sergeant on level 10 of the Dungeon)
 l - a +4 ring of evasion (right hand)
   (You found it on level 2 of the Dungeon)
 m - an uncursed ring of protection from magic
   (You found it on level 2 of the Dungeon)
 o - a ring of poison resistance (left hand)
   (You bought it in a shop on level 4 of the Dungeon)
 z - an uncursed ring of protection from magic
   (You found it on level 1 of the Snake Pit)
 B - the ring of Irebenk {rF+ Str+3 Int-2 Stlth+}
   (You found it on level 5 of the Lair of Beasts)

   [ring of protection from fire]

   It affects your strength (+3).
   It affects your intelligence (-2).
   It protects you from fire.
   It makes you more stealthy.
 M - an amulet of regeneration (around neck)
   (You found it on level 6 of the Lair of Beasts)
 P - an uncursed ring of protection from magic
   (You found it on level 1 of the Dungeon)
Wands
 u - a wand of acid (3)
   (You took it off Maurice on level 9 of the Dungeon)
 v - a wand of digging (4)
   (You took it off Crazy Yiuf on level 5 of the Dungeon)
 L - a wand of iceblast (15)
   (You found it on level 1 of the Lair of Beasts)
Scrolls
 i - 4 scrolls of immolation
 n - 2 scrolls of enchant weapon
 t - 5 scrolls of teleportation
 x - 13 scrolls of remove curse
 A - 3 scrolls of enchant armour
 F - a scroll of vulnerability
 H - 8 scrolls of magic mapping
 Q - a scroll of fear
Potions
 b - 6 potions of flight
 d - 2 potions of might
 g - a potion of cancellation
 h - a potion of haste
 j - a potion of invisibility
 q - 8 potions of curing
 w - 2 potions of heal wounds
 C - 2 potions of resistance
 D - 3 potions of lignification
 G - 4 potions of magic
 O - 3 potions of mutation
 R - a potion of brilliance
Books
 s - a manual of Fighting
   (You acquired it on level 1 of the Orcish Mines)
Miscellaneous
 r - a tin of tremorstones (3/3)
   (You found it on level 3 of the Snake Pit)
Comestibles
 e - 15 rations


   Skills:
 - Level 15.9 Fighting
 - Level 20.1 Axes
 - Level 15.1 Armour
 - Level 11.1 Dodging
   Level 7.6 Shields
 + Level 5.6 Evocations


You had 14 spell levels left.
You didn't know any spells.
Your spell library was empty.

Dungeon Overview and Level Annotations

Branches:
Dungeon (15/15)            Temple (0/1) D:6            Lair (6/6) D:10
 Shoals (0/4) Lair:4        Snake (3/4) Lair:3        Slime (0/5) Lair:5
    Orc (2/2) D:9             Elf (0/3) Orc:2        Depths (0/5) D:15
Gauntlet (visited)
 Vaults: D:13-14

Altars:
Elyvilon
Fedhas
Gozag
Kikubaaqudgha
Makhleb
Nemelex Xobeh
Okawaru
Ru
Sif Muna
Trog
Wu Jian
Zin
Beogh

Shops:
D:4 *?   D:7 *   Orc:2 ([*:

Annotations:
D:7 exclusion: door
Lair:1 2 transporters, surr's ghost, journeyman OgAr
Lair:2 exclusion: 2 oklob plants
Orc:1 1 runed translucent door, PIKKUHERKKO's ghost, journeyman HOMo


Innate Abilities, Weirdness & Mutations

You reflexively headbutt those who attack you in melee.
You have a pair of horns on your head.


Message History

You closely miss the naga warrior.
The naga warrior is almost dead.
You feel sick.
The salamander hits you but does no damage.
The naga warrior hits you with a +0 hand axe.
* * * LOW HITPOINT WARNING * * *
The naga warrior constricts you. The salamander barely misses you.
The salamander hits you but does no damage.
The naga warrior hits you with a +0 hand axe.
* * * LOW HITPOINT WARNING * * *
x2 The naga warrior constricts you.
The naga warrior blocks your attack.
The naga warrior is almost dead.
You feel sick.
The salamander hits you but does no damage.
The naga warrior spits poison at you.
The splash of poison hits you but does no damage.
You resist. The naga warrior constricts you.
The salamander hits you from afar with a +0 halberd!
You die...

###..## ###.....###
###.........##
##............#
##.............. .
#............... ...
##...............
.....###)))............#
......)@N).........###.#
.....###.N)........#.###
... #..N.........#.... .
#...(.............
#..............###
........)..###.#.#
#...........#.###..
#....[......#......
......#


You could see a naga warrior (catching breath) and 2 salamanders.

Vanquished Creatures
  Nikola (Snake:1)
  Jorgrun (Orc:2)
  Gastronok (Lair:1)
  An orc warlord (Orc:2)
  Azrael (Orc:2)
  A minotaur (Gauntlet)
  Snorg (D:10)
  Josephine (Lair:4)
  6 hydras
  5 naga warriors
  A catoblepas (Gauntlet)
  3 two-headed ogres
  A two-headed ogre (shapeshifter) (D:15)
  Erica (Lair:1)
  4 anacondas
  4 death yaks (Lair:6)
  3 tengu warriors
  A death scarab (Gauntlet)
  3 orc high priests (Orc:2)
  A shock serpent (Snake:3)
  3 naga sharpshooters
  Sonja (D:11)
  A salamander mystic (Snake:3)
  An unseen horror (D:14)
  3 naga ritualists
  A glowing orange brain (D:15)
  Pikel (D:7)
  3 orc knights (Orc:2)
  5 orc sorcerers
  3 mana vipers
  A deep elf mage (D:15)
  A manticore (D:11)
  10 ugly things
  6 salamanders
  Joseph (D:9)
  A molten gargoyle (Gauntlet)
  5 guardian serpents
  A torpor snail (Lair:4)
  Maurice (D:9)
  12 naga magi
  18 black mambas
  A gargoyle (Gauntlet)
  6 spiny frogs
  A smoke demon (Gauntlet)
  Maggie (D:6)
  5 komodo dragons
  2 rime drakes
  An efreet (D:15)
  A troll (shapeshifter) (D:15)
  A polar bear (Lair:2)
  4 trolls
  Prince Ribbit (D:8)
  Grinder (D:4)
  A raiju (shapeshifter) (D:15)
  A spectral dream sheep (Gauntlet)
  2 hornets
  4 slime creatures (D:15)
  9 blink frogs
  A hippogriff (shapeshifter) (D:15)
  10 hippogriffs
  A shadow (D:12)
  A vampire (D:9)
  25 yaks
  6 wraiths
  Grum (D:9)
  Eustachio (D:6)
  Sigmund (D:2)
  2 basilisks
  A fire elemental (Orc:2)
  A human (D:8)
  2 hungry ghosts
  2 steam dragons (D:10)
  Menkaure (D:4)
  16 nagas
  3 vampire mosquitoes
  A two-headed ogre zombie (D:9)
  A floating eye (Lair:2)
  4 hell hounds (Orc:2)
  11 porcupines
  3 ice beasts
  2 sky beasts
  24 water moccasins
  24 orc warriors
  A slave (D:7)
  2 necrophages
  2 phantoms
  6 black bears
  6 ogres
  10 wolves
  8 centaurs
  11 crocodiles
  3 big kobolds
  16 bullfrogs
  A gnoll sergeant (D:10)
  2 scorpions
  A killer bee (D:8)
  4 wights (D:14)
  2 electric eels (Lair:1)
  6 crimson imps
  A centaur zombie (D:12)
  2 bullfrog zombies
  4 hounds
  Crazy Yiuf (D:5)
  3 iron imps (D:6)
  3 bullfrog skeletons
  A centaur skeleton (D:7)
  23 orc priests
  4 jellies
  22 orc wizards
  An iguana (D:9)
  Natasha (D:3)
  6 worker ants
  2 killer bee zombies
  7 ogre zombies (D:9)
  A hound skeleton (D:4)
  A worker ant zombie (D:9)
  Robin (D:4)
  20 gnolls
  32 adders
  3 shadow imps
  An adder zombie (D:8)
  2 oozes
  4 adder skeletons
  A worm (D:2)
  A dart slug (D:2)
  8 leopard geckos
  81 orcs
  A ball python (D:4)
  5 giant cockroaches
  18 goblins
  8 hobgoblins
  2 jackals (D:6)
  5 quokkas
  10 bats
  5 frilled lizards
  A giant cockroach zombie (D:5)
  2 goblin skeletons (D:9)
  3 goblin zombies (D:9)
  2 hobgoblin skeletons (D:9)
  2 hobgoblin zombies (D:9)
  A jackal zombie (D:6)
  17 kobolds
  An orc skeleton (D:9)
  15 orc zombies (D:9)
  7 rats
  6 fungi
  A plant (Lair:5)
737 creatures vanquished.

Vanquished Creatures (others)
  2 orc priests (Orc:2)
  2 orc wizards (D:7)
  An adder (Lair:1)
  2 orcs
  A kobold (D:7)
  2 fungi
  2 plants
12 creatures vanquished.

Grand Total: 749 creatures vanquished

Notes
Turn   | Place    | Note
-------+----------+-------------------------------------------
     0 | D:1      | Flugslaktarn the Minotaur Fighter began the quest for the
                  | Orb.
     0 | D:1      | Reached XP level 1. HP: 19/19 MP: 0/0
   244 | D:1      | Reached XP level 2. HP: 27/27 MP: 1/1
   272 | D:1      | Reached skill level 3 in Axes
   544 | D:2      | Found a faded altar of an unknown god.
   581 | D:2      | Found a bloodstained altar of Trog.
   613 | D:2      | Reached XP level 3. HP: 29/33 MP: 2/2
   681 | D:2      | Became a worshipper of Trog the Wrathful
   730 | D:2      | Noticed Sigmund
   740 | D:2      | Killed Sigmund
   740 | D:2      | Reached skill level 4 in Axes
   740 | D:2      | Reached XP level 4. HP: 40/41 MP: 3/3
   740 | D:2      | Reached XP level 5. HP: 46/47 MP: 4/4
   974 | D:2      | Found a blossoming altar of Fedhas.
  1615 | D:3      | Reached skill level 5 in Axes
  1639 | D:3      | Reached skill level 14 in Axes
  1639 | D:3      | Reached XP level 6. HP: 55/55 MP: 5/5
  1657 | D:3      | Reached * piety under Trog
  1697 | D:3      | Found a sacrificial altar of Ru.
  1801 | D:3      | Reached XP level 7. HP: 60/60 MP: 6/6
  1932 | D:3      | Reached skill level 5 in Fighting
  2047 | D:3      | Noticed Natasha
  2052 | D:3      | Killed Natasha
  2198 | D:4      | Reached skill level 5 in Armour
  2268 | D:4      | Noticed Menkaure
  2275 | D:4      | Killed Menkaure
  2275 | D:4      | Reached skill level 5 in Shields
  2293 | D:4      | Noticed Grinder
  2303 | D:4      | Paralysed by Grinder for 3 turns
  2318 | D:4      | Killed Grinder
  2318 | D:4      | Reached XP level 8. HP: 49/69 MP: 7/7
  2495 | D:4      | Noticed Robin
  2500 | D:4      | Reached ** piety under Trog
  2522 | D:4      | Killed Robin
  2645 | D:4      | Found an ornate altar of the Wu Jian Council.
  2668 | D:4      | Found Akkeck's Serpentskin Sales.
  2681 | D:4      | Bought an uncursed ring of poison resistance for 200 gold
                  | pieces
  2799 | D:4      | Found Puchamep's Magic Scroll Shop.
  2867 | D:5      | Entered Level 5 of the Dungeon
  3166 | D:5      | Found a bloodstained altar of Trog.
  3495 | D:5      | Found a runed translucent door.
  3496 | D:5      | Noticed Crazy Yiuf
  3502 | D:5      | Killed Crazy Yiuf
  3574 | D:6      | Noticed Maggie
  3588 | D:6      | Killed Maggie
  3592 | D:6      | Reached *** piety under Trog
  3670 | D:6      | Reached XP level 9. HP: 75/75 MP: 8/8
  3675 | D:6      | Noticed Eustachio
  3695 | D:6      | Killed Eustachio
  3695 | D:6      | Reached skill level 15 in Axes
  3920 | D:6      | Found a staircase to the Ecumenical Temple.
  4095 | D:6      | Found a sparkling altar of Nemelex Xobeh.
  4123 | D:6      | Found a burning altar of Makhleb.
  4362 | D:7      | Reached **** piety under Trog
  4455 | D:7      | Noticed Pikel
  4468 | D:7      | Killed Pikel
  4541 | D:7      | Reached XP level 10. HP: 60/86 MP: 9/9
  4766 | D:7      | Found a shimmering blue altar of Sif Muna.
  5332 | D:7      | Found Xaenuw's Assorted Antiques.
  5340 | D:7      | Bought a scroll labeled UTIBUNA COTS for 32 gold pieces
  5340 | D:7      | Bought a silvery potion for 28 gold pieces
  5809 | D:8      | Noticed Prince Ribbit
  5820 | D:8      | Killed Prince Ribbit
  5849 | D:8      | Noticed a two-headed ogre
  5852 | D:8      | Noticed a green ugly thing
  5854 | D:8      | Noticed a tengu warrior
  5869 | D:8      | Killed a two-headed ogre
  5869 | D:8      | Reached skill level 16 in Axes
  5875 | D:8      | Killed a green ugly thing
  5885 | D:8      | Killed a tengu warrior
  6379 | D:8      | Found an iron altar of Okawaru.
  6443 | D:8      | Paralysed by a hornet for 1 turns
  6893 | D:8      | Found an opulent altar of Gozag.
  7537 | D:9      | Noticed Joseph
  7545 | D:9      | Killed Joseph
  7733 | D:9      | Noticed Grum
  7733 | D:9      | Noticed a two-headed ogre
  7744 | D:9      | Reached XP level 11. HP: 72/95 MP: 10/10
  7751 | D:9      | Killed a two-headed ogre
  7756 | D:9      | Killed Grum
  8057 | D:9      | Found a white marble altar of Elyvilon.
  8066 | D:9      | Found a glowing silver altar of Zin.
  8076 | D:9      | Reached skill level 17 in Axes
  8076 | D:9      | Noticed Maurice
  8087 | D:9      | Killed Maurice
  8087 | D:9      | Reached ***** piety under Trog
  8139 | D:9      | Received a gift from Trog
  8190 | D:9      | Found a staircase to the Orcish Mines.
  8716 | D:9      | Found an ancient bone altar of Kikubaaqudgha.
  8767 | D:10     | Entered Level 10 of the Dungeon
  8792 | D:10     | Noticed a two-headed ogre
  9007 | D:10     | Killed a two-headed ogre
  9031 | D:10     | Reached skill level 10 in Armour
  9273 | D:10     | Found a staircase to the Lair.
  9310 | D:10     | Reached skill level 10 in Fighting
  9739 | D:10     | Noticed Snorg
  9751 | D:10     | Killed Snorg
 10167 | Lair:1   | Entered Level 1 of the Lair of Beasts
 10170 | Lair:1   | Reached skill level 18 in Axes
 10181 | Lair:1   | Reached skill level 1 in Dodging
 10181 | Lair:1   | Reached XP level 12. HP: 90/107 MP: 11/11
 10325 | Lair:1   | Identified the +3 trident of Ekhet {drain, rC+ Str+3}
 10330 | Lair:1   | Found a transporter.
 10339 | Lair:1   | Identified the cursed +0 spear of Evisceration {antimagic,
                  | Str+2 Int+2}
 10340 | Lair:1   | Found a bloodstained altar of Trog.
 10355 | Lair:1   | Found a transporter.
 10358 | Lair:1   | Noticed surr's ghost (journeyman OgAr)
 10421 | Lair:1   | Noticed Erica
 10431 | Lair:1   | Killed Erica
 10463 | Lair:1   | Noticed a seven-headed hydra
 10468 | Lair:1   | Noticed Gastronok
 10470 | Lair:1   | Killed a 12-headed hydra
 10495 | Lair:1   | Killed Gastronok
 10975 | Lair:1   | Received a gift from Trog
 11586 | Lair:2   | Paralysed by a floating eye for 2 turns
 11592 | Lair:2   | Paralysed by a floating eye for 3 turns
 11597 | Lair:2   | Paralysed by a floating eye for 3 turns
 12062 | Lair:2   | Reached skill level 5 in Dodging
 12454 | Lair:3   | Noticed a seven-headed hydra
 12459 | Lair:3   | Killed a five-headed hydra
 12495 | Lair:3   | Identified a scroll of acquirement
 12745 | Lair:3   | Found a staircase to the Snake Pit.
 12919 | Lair:3   | Found a gate leading to a gauntlet.
 12933 | Gauntlet | Entered a Gauntlet
 12933 | Gauntlet | Found a transporter.
 12933 | Gauntlet | Found a transporter.
 12933 | Gauntlet | Found a transporter.
 12933 | Gauntlet | Noticed a death scarab
 12961 | Gauntlet | Found a transporter.
 12964 | Gauntlet | Found a transporter.
 12972 | Gauntlet | Found a transporter.
 12975 | Gauntlet | Found a transporter.
 12991 | Gauntlet | Found a transporter.
 13001 | Gauntlet | Found a transporter.
 13001 | Gauntlet | Noticed a catoblepas
 13002 | Gauntlet | Noticed a catoblepas
 13006 | Gauntlet | Found a transporter.
 13009 | Gauntlet | Found a transporter.
 13019 | Gauntlet | Found a transporter.
 13114 | Gauntlet | Killed a death scarab
 13114 | Gauntlet | Reached XP level 13. HP: 117/117 MP: 12/12
 13295 | Gauntlet | Got a pair of jewelled boots
 13312 | Gauntlet | Identified the +1 pair of boots "Layfoifeg" {rN+ rCorr
                  | Stlth-} (You found it in a Gauntlet)
 13423 | Gauntlet | Identified the +3 glaive "Dragon's Tongue" {freeze, Str+2}
 13423 | Gauntlet | Noticed a minotaur
 13433 | Gauntlet | Killed a minotaur
 13466 | Gauntlet | Identified the Guide on Attacks and Creation
 15223 | Lair:4   | Noticed Josephine
 15235 | Lair:4   | Killed Josephine
 15719 | Lair:4   | Found a staircase to the Shoals.
 16147 | Lair:5   | Got a vibrating copper ring
 16602 | Lair:5   | Found a staircase to the Slime Pits.
 16677 | Lair:5   | You fall into a shaft and drop 1 floor!
 16677 | Lair:6   | Entered Level 6 of the Lair of Beasts
 16720 | Lair:6   | Received a gift from Trog
 17140 | D:11     | Noticed Sonja
 17146 | D:11     | Killed Sonja
 17146 | D:11     | Reached XP level 14. HP: 128/129 MP: 13/13
 17353 | D:11     | Reached skill level 19 in Axes
 17953 | D:15     | Entered Level 15 of the Dungeon
 18313 | D:15     | Found a staircase to the Depths.
 18630 | Orc:1    | Entered Level 1 of the Orcish Mines
 18641 | Orc:1    | Received a gift from Trog
 18760 | Orc:1    | Found a roughly hewn altar of Beogh.
 19007 | Orc:1    | Found a runed translucent door.
 19009 | Orc:1    | Noticed PIKKUHERKKO's ghost (journeyman HOMo)
 19209 | Orc:2    | Entered Level 2 of the Orcish Mines
 19258 | Orc:2    | Found a staircase to the Elven Halls.
 19323 | Orc:2    | Noticed Azrael
 19338 | Orc:2    | Killed Azrael
 19793 | Orc:2    | Noticed Jorgrun
 19798 | Orc:2    | Noticed an orc warlord
 19811 | Orc:2    | Killed Jorgrun
 20352 | Orc:2    | Killed an orc warlord
 20363 | Orc:2    | Reached skill level 10 in Dodging
 20591 | Orc:2    | Received a gift from Trog
 20779 | Orc:2    | Identified the ring of Irebenk {rF+ Str+3 Int-2 Stlth+}
                  | (You found it on level 5 of the Lair of Beasts)
 21053 | Orc:2    | Found Xani's Antique Armour Emporium.
 21054 | Orc:2    | Found Hoap's Antique Weapon Emporium.
 21055 | Orc:2    | Found Camoiveira's General Store.
 21055 | Orc:2    | Found Iqokyah's Book Shoppe.
 21239 | Orc:2    | Bought a polished cloak for 266 gold pieces
 21249 | Orc:2    | Identified the cursed +0 cloak of Panentheism {rF+ rN+}
                  | (You bought it in a shop on level 2 of the Orcish Mines)
 21458 | Snake:1  | Entered Level 1 of the Snake Pit
 21608 | Snake:1  | Noticed Nikola
 21617 | Snake:1  | Killed Nikola
 21617 | Snake:1  | Reached skill level 15 in Fighting
 21617 | Snake:1  | Reached XP level 15. HP: 112/141 MP: 14/14
 22297 | Snake:2  | Reached skill level 20 in Axes
 22366 | Snake:2  | Reached skill level 15 in Armour
 22441 | Snake:2  | Received a gift from Trog
 22800 | Snake:3  | Reached skill level 1 in Evocations
 22802 | Snake:3  | Got a pair of brightly glowing boots
 22813 | Snake:3  | Identified the cursed +0 pair of boots of Hysteria {Int+4}
                  | (You found it on level 3 of the Snake Pit)
 23244 | Snake:3  | Reached skill level 5 in Evocations
 23260 | Snake:3  | Slain by a salamander

Illustrated notes

Levels and vault maps discovered:
D:1:      minmay_arrival_four_circles, layout_loops_ring
D:2:      layout_loops_ring, bloody_trog, marbit_many_paths,
          chequers_ecumenical_altar_simple, minmay_pentomino_w4, uniq_sigmund
D:3:      layout_basic, lemuel_round_altar, first_ration, uniq_natasha
D:4:      layout_rooms, lemuel_crystal_altar, serial_shops, shop, fountainhead,
          guppyfry_shop_venom, uniq_grinder, uniq_robin, uniq_menkaure
D:5:      layout_rooms, trog_butcher_becter, uniq_crazy_yiuf_cottage
D:6:      layout_rooms, demons_altar, minmay_temple_entry_statues_fountains,
          basic_altar, uniq_maggie, uniq_eustachio
D:7:      layout_layer_cave, led_sif_book, serial_shops, shop, uniq_pikel
D:8:      minmay_bloctagon_deflated, layout_gridville, okawaru_trees_2,
          kennysheep_mini_moat, grunt_pizzeria, uniq_prince_ribbit1
D:9:      layout_cave_pods, kennysheep_mini, lemuel_round_altar,
          zombieorc2_lemuel, basic_altar, minmay_fractal_squares_gapless_5,
          uniq_grum, uniq_maurice, uniq_joseph
D:10:     layout_rooms, minmay_lair_entry_grove, kennysheep_generic_room_12,
          uniq_snorg
D:11:     layout_loops_ring, gammafunk_ghost_mausoleum, uniq_sonja
D:12:     regret_index_combs_of_tragedy, layout_basic, serial_corexii_hall,
          corexii_hall_statues_x, chequers_hall_statues_y,
          kennysheep_generic_room_8, uniq_frances, uniq_kirke
D:13:     layout_loops_corners, ximxim_vaults_locker_room
D:14:     layout_basic, hangedman_decor_lopped
D:15:     gammafunk_enter_depths_forms, layout_irregular_city, fedhas_altar_3,
          minmay_mirror_moons_of_madness
Lair:1:   lemuel_reptile_caves, layout_big_grid,
          gammafunk_ghost_wrathful_warriors, uniq_gastronok, uniq_erica
Lair:2:   layout_long_grid, disabler_island
Lair:3:   layout_cave_pods, guppyfry_snake_entry_island, gauntlet_entry_generic,
          infiniplex_staircase_pool_2
Lair:4:   layout_regular_city, elwin_shoals_entry_rocks, st_stairs_7,
          uniq_josephine
Lair:5:   layout_loops_ring, dpeg_slime_entry_corner, minmay_stone_trees_medium,
          cheibrodos_lair_caveside_slide, grunt_megastairs_4
Lair:6:   evilmike_catoblepas_cave, layout_cellular_growth, roderic_batcave,
          pond
Snake:1:  layout_basic, drop_trap, grunt_megastairs_2, uniq_nikola
Snake:2:  layout_onion, nicolae_snake_round_shape_thing, minmay_shop_grove
Snake:3:  layout_cave_pods, drop_trap, nicolae_snake_shapes,
          serial_bayou_shore_b
Orc:1:    layout_caves, basic_altar, ebering_ghost_inner_flame, rock_pile
Orc:2:    st_orc_congregation, layout_caves, uniq_azrael, uniq_jorgrun

Skill      XL: |  1  2  3  4  5  6  7  8  9 10 11 12 13 14 15 |
---------------+----------------------------------------------+-----
Axes           | 3 4 14 15 16 18 19 20 | 20.1
Fighting       | 4 5 6 7 8 10 11 13 15 | 15.9
Armour         | 4 5 6 7 8 10 11 13 14 15 | 15.1
Shields        | 4 5 7 |  7.6
Dodging        | 1 5 8 10 11 | 11.1
Evocations     | 5 |  5.6

Action                   |  1- 3 |  4- 6 |  7- 9 | 10-12 | 13-15 || total
-------------------------+-------+-------+-------+-------+-------++-------
Melee: War axe           |    73 |    59 |   326 |   223 |       ||   681
       Headbutt          |    10 |     9 |    68 |   123 |   156 ||   366
       Broad axe         |       |       |       |   260 |       ||   260
       Executioner's axe |       |       |       |    90 |   751 ||   841
Invok: Berserk           |       |       |     2 |     7 |    14 ||    23
       Trog's Hand       |       |       |       |       |     2 ||     2
Evoke: Wand              |       |       |       |     2 |       ||     2
  Use: Scroll            |       |     8 |       |    14 |    16 ||    38
       Potion            |       |     1 |       |     1 |     2 ||     4
 Stab: Invisible         |       |       |     1 |       |       ||     1
  Eat: Chunk             |       |     1 |     8 |    23 |    16 ||    48
       Ration            |       |     1 |     1 |     3 |     9 ||    14
Armor: Scale mail        |    41 |    12 |       |       |       ||    53
       Chain mail        |       |     8 |    42 |       |       ||    50
       Plate armour      |       |       |   107 |   355 |   480 ||   942
Dodge: Dodged            |    17 |    19 |   120 |   274 |   629 ||  1059
Block: Kite shield       |    46 |    40 |    63 |    52 |       ||   201

Table legend:
 A = Non-vault XP
 B = Vault XP
 C = Vault XP percentage of total XP
 D = Non-vault monster count
 E = Vault monster count
 F = Vault count percentage of total count
                 A         B        C        D         E       F
            +---------+---------+-------+---------+---------+-------
      Total |   83488 |   55424 |  39.9 |     477 |     252 |  34.6
            +---------+---------+-------+---------+---------+-------
        D:1 |      25 |       0 |   0.0 |      16 |       0 |   0.0
        D:2 |      53 |     226 |  81.0 |      16 |       8 |  33.3
        D:3 |     204 |      36 |  15.0 |      22 |       1 |   4.3
        D:4 |     379 |     769 |  67.0 |      29 |      16 |  35.6
        D:5 |     217 |      52 |  19.3 |      16 |       5 |  23.8
        D:6 |     855 |     718 |  45.6 |      27 |       5 |  15.6
        D:7 |    1594 |     651 |  29.0 |      25 |       1 |   3.8
        D:8 |    2093 |    1926 |  47.9 |      25 |       6 |  19.4
        D:9 |    2387 |    2987 |  55.6 |      15 |      49 |  76.6
       D:10 |    3004 |    2454 |  45.0 |      34 |      11 |  24.4
       D:11 |    1835 |     788 |  30.0 |       9 |       1 |  10.0
       D:12 |     828 |       0 |   0.0 |      17 |       0 |   0.0
       D:13 |     207 |       0 |   0.0 |       3 |       0 |   0.0
       D:14 |    5583 |       0 |   0.0 |      17 |       0 |   0.0
       D:15 |    4441 |    3739 |  45.7 |      11 |       8 |  42.1
     Lair:1 |    3640 |    6114 |  62.7 |      18 |      33 |  64.7
     Lair:2 |    2624 |     141 |   5.1 |      16 |       1 |   5.9
     Lair:3 |    3842 |     329 |   7.9 |      13 |       2 |  13.3
     Lair:4 |    8877 |    2182 |  19.7 |      34 |       6 |  15.0
     Lair:5 |    5506 |     338 |   5.8 |      11 |       3 |  21.4
     Lair:6 |    3082 |    1208 |  28.2 |       4 |       3 |  42.9
    Snake:1 |    8548 |    5296 |  38.3 |      17 |       3 |  15.0
    Snake:2 |    9368 |       0 |   0.0 |      18 |       0 |   0.0
    Snake:3 |   11575 |    5066 |  30.4 |      26 |       8 |  23.5
      Orc:1 |    1812 |     566 |  23.8 |      23 |       5 |  17.9
      Orc:2 |     909 |   15136 |  94.3 |      15 |      67 |  81.7
   Gauntlet |       0 |    4702 | 100.0 |       0 |      10 | 100.0
            +---------+---------+-------+---------+---------+-------
